 Dungeon Crawl Stone Soup version 0.31-a0-764-g8440623082 (webtiles) character file.

Game seed: 3215232136977745351

1687 Malachi the Grappler (level 9, -4/40 HPs)
             Began as a Vine Stalker Shapeshifter on Sept 15, 2023.
             Slain by a hornet (5 damage)
             ... on level 6 of the Dungeon.
             The game lasted 00:07:34 (4087 turns).

Malachi the Grappler (Vine Stalker Shapeshifter)    Turns: 4087, Time: 00:07:34

Health: -4/40      AC: 11    Str: 19    XL:     9   Next: 2%
Magic:  0/10       EV:  5    Int: 10    God:
Gold:   313        SH:  0    Dex: 16    Spells: 8/8 levels left

rFire   + .          .
                       - Unarmed
rCold   . . .        (no shield)
rNeg    . . .        i - +1 plate armour
rPois   .            (helmet currently unavailable)
rElec   .            (cloak currently unavailable)
rCorr   .            (gloves currently unavailable)
SInv    .            (boots currently unavailable)
Will    +....        (no amulet) Stlth
                     e - ring of protection from fire
HPRegen 1.06/turn    (no ring)
MPRegen 0.12/turn

%: guardian spirit
@: lethally poisoned (-4 -> -15), beast-form, slowed, very slow
A: beast (slay +3), fangs 3, regeneration 1, magic shield, antimagic bite, no
potion heal 2
a: Begin Untransformation


You were on level 6 of the Dungeon.
You were a hulking beast.
You visited 1 branch of the dungeon, and saw 6 of its levels.

You collected 313 gold pieces.

Inventory:

Hand Weapons
 v - a +5 dagger of flaming
Missiles
 j - 6 atropa-tipped darts
Armour
 i - a +1 plate armour (worn)
 m - a +0 cloak
 p - a +0 pair of gloves
Jewellery
 e - a ring of protection from fire (left hand)
Talismans
 c - a beast talisman (active)
 d - a flux talisman
 o - a maw talisman
Wands
 b - a wand of iceblast (9)
Scrolls
 a - a scroll of butterflies
 g - 3 scrolls of revelation
 k - 2 scrolls of poison
 l - 3 scrolls of silence
 n - 2 scrolls of fog
 r - 2 scrolls of enchant armour
Potions
 s - a potion of ambrosia
 u - a potion of lignification


   Skills:
 - Level 0.8 Fighting
 - Level 1.5 Dodging
 - Level 10.3 Unarmed Combat
 * Level 5.6 Shapeshifting


You had 8 spell levels left.
You didn't know any spells.
Your spell library contained the following spells:

 Spells                   Type           Power      Damage    Failure   Level
 Sting                    Tmut/Pois      0%         1d3       100%        1
 Poisonous Vapours        Pois/Air       0%         N/A       100%        2
 Olgreb's Toxic Radiance  Pois           0%         N/A       100%        4


Dungeon Overview and Level Annotations

Branches:
Dungeon (6/15)             Temple (0/1) D:6

Altars:
Kikubaaqudgha
Wu Jian
The Shining One

Shops:
D:5 *


Innate Abilities, Weirdness & Mutations

You are a hulking beast.
Your limbs bulge with bestial killing power. (Slay +3)
You have razor-sharp teeth.
Your natural rate of healing is unusually fast.
When hurt, damage is shared between your health and your magic reserves.
Your bite disrupts and absorbs the magic of your enemies.
Potions cannot restore your health.


Message History

You hear an angry buzzing noise.
A white imp is nearby!
The white imp shouts, "Slither away, thou bootless roguish pimple!"
A hornet comes into view.
The hornet buzzes angrily.
The white imp gestures at you. The puff of frost hits you.
The hornet stings you.
You feel yourself slow down. The hornet stings you!
You are poisoned.
You feel as though you will be slow longer.
You punch the hornet! Your bite misses the hornet.
The hornet is moderately wounded.
You feel very sick. The hornet closely misses you.
You closely miss the hornet. Your bite misses the hornet.
The hornet is moderately wounded.
You feel sick. The hornet barely misses you. The hornet stings you!
You feel as though you will be slow longer.
You are too injured to fight recklessly!
You are too injured to fight recklessly!
You barely miss the hornet. You bite the hornet. You drain its power.
You feel invigorated.
The hornet is moderately wounded.
You feel sick. The hornet stings you.
You feel as though you will be slow longer.
The hornet stings you but does no damage.
Your system rejects the healing.
You feel better. The hornet stings you.
You are poisoned.
You suddenly lose the ability to move!
The hornet stings you!
* * * LOW HITPOINT WARNING * * *
You are lethally poisoned!
You shrug off the repeated paralysis!
You can move again.
You punch the hornet!
The hornet is heavily wounded.
* * * LOW HITPOINT WARNING * * *
You feel extremely sick.
The hornet stings you but does no damage.
The hornet stings you!
You die...

#.###### #.# #.# #.#
#.# #.# #.#
#####.#######
##.......hy5.#
#..########..#######
#........[.........#
#.......≈≈≈≈≈......#
##....≈≈≈≈≈5≈≈≈....#
#..≈≈≈≈≈≈≈≈≈≈≈≈≈..####
#.≈≈≈≈≈≈≈≈≈≈≈≈≈≈≈....#
#.≈≈≈≈≈≈...≈≈≈≈≈≈.##.#
#.≈≈≈≈≈≈.>.≈≈≈≈≈≈.# #


You could see a hornet and a white imp.

Vanquished Creatures
  Grinder (D:5)
  Sigmund (D:3)
  A water moccasin (D:5)
  2 black bears
  An ice beast (D:5)
  An ogre (D:5)
  A phantom (D:5)
  3 scorpions
  A hound (D:5)
  6 orc priests
  Crazy Yiuf (D:3)
  Ijyb (D:3)
  An iguana (D:4)
  3 orc wizards
  8 adders
  2 ufetubi
  4 worms
  15 dart slugs
  14 orcs
  10 endoplasms
  5 giant cockroaches
  7 goblins
  13 hobgoblins
  9 jackals
  5 kobolds
  4 quokkas
  11 ball pythons
  7 bats
  2 frilled lizards
  10 rats
150 creatures vanquished.

Notes
Turn   | Place    | Note
-------+----------+-------------------------------------------
     0 | D:1      | Malachi the Vine Stalker Shapeshifter began the quest for
                  | the Orb.
     0 | D:1      | Reached XP level 1. HP: 9/9 MP: 2/2
   139 | D:1      | Reached XP level 2. HP: 14/14 MP: 3/3
   320 | D:1      | Reached skill level 4 in Unarmed Combat
   347 | D:1      | Reached XP level 3. HP: 17/17 MP: 4/4
   713 | D:2      | Reached XP level 4. HP: 21/21 MP: 5/5
   892 | D:2      | Reached skill level 5 in Unarmed Combat
  1341 | D:3      | Reached XP level 5. HP: 25/25 MP: 4/6
  1391 | D:3      | Found an ornate altar of the Wu Jian Council.
  1429 | D:3      | Noticed Sigmund
  1449 | D:3      | Killed Sigmund
  1450 | D:3      | Reached skill level 6 in Unarmed Combat
  1450 | D:3      | Reached XP level 6. HP: 29/29 MP: 4/7
  1493 | D:3      | Identified the +0 robe "Taadd" {Harm rC+ rCorr Int-5}
  1528 | D:3      | Noticed Ijyb
  1537 | D:3      | Killed Ijyb
  1538 | D:3      | Reached skill level 7 in Unarmed Combat
  1616 | D:3      | Found a runed translucent door.
  1617 | D:3      | Noticed Crazy Yiuf
  1858 | D:3      | Paralysed by Crazy Yiuf for 3 turns
  1866 | D:3      | Killed Crazy Yiuf
  2150 | D:4      | Reached XP level 7. HP: 27/32 MP: 8/8
  2198 | D:4      | Reached skill level 8 in Unarmed Combat
  2489 | D:5      | Entered Level 5 of the Dungeon
  2514 | D:5      | Noticed Grinder
  2523 | D:5      | Killed Grinder
  2549 | D:5      | Reached skill level 9 in Unarmed Combat
  2557 | D:5      | Gained mutation: You have razor-sharp teeth. [Vine Stalker
                  | growth]
  2557 | D:5      | Reached XP level 8. HP: 3/37 MP: 3/9
  2557 | D:5      | HP: 2/55 [orc priest/+0 hand axe (1)]
  2778 | D:5      | Found a glowing golden altar of the Shining One.
  2826 | D:5      | Found Enado's Fire Supplies.
  2869 | D:5      | Reached skill level 10 in Unarmed Combat
  2934 | D:5      | Found an ancient bone altar of Kikubaaqudgha.
  3895 | D:6      | Reached skill level 5 in Shapeshifting
  4005 | D:6      | Reached XP level 9. HP: 40/40 MP: 8/10
  4051 | D:6      | Found a staircase to the Ecumenical Temple.
  4075 | D:6      | Noticed a hornet
  4086 | D:6      | Paralysed by a hornet for 1 turns
  4087 | D:6      | HP: 1/40 [poisoned by a hornet]
  4087 | D:6      | Slain by a hornet

Illustrated notes

Levels and vault maps discovered:
D:1:      minmay_arrival_radiant_lines, layout_loops_cross
D:2:      layout_rooms, minmay_misc_feat_roman
D:3:      kennysheep_slugbush, layout_rooms,
          nicolae_wu_jian_immortal_techniques, uniq_sigmund, uniq_ijyb,
          uniq_crazy_yiuf_cottage
D:4:      layout_rooms, kennysheep_generic_room_12
D:5:      layout_basic, mainiacjoe_overflow_cross_hatched, lemuel_round_altar,
          nicolae_shop_fire_sale [nicolae_sub_dead_trees], uniq_grinder
D:6:      layout_loops_ring, mainiacjoe_overflow_24_doors, temple_pool_b,
          serial_shops, nicolae_shop_behind_doors, nicolae_evil_shop

Skill      XL: |  1  2  3  4  5  6  7  8 |
---------------+-------------------------+-----
Unarmed Combat | 4 5 6 7 9 10 | 10.3
Shapeshifting  | 5 |  5.6
Fighting       | |  0.8
Dodging        | |  1.5

Action                     |  1- 3 |  4- 6 |  7- 9 || total
---------------------------+-------+-------+-------++-------
  Melee: Unarmed           |    94 |   133 |   130 ||   357
         Bite              |    21 |    34 |    25 ||    80
         Punch             |     2 |     7 |     8 ||    17
    Use: Potion            |       |     1 |     5 ||     6
         Scroll            |       |       |    12 ||    12
 Armour: Animal skin       |    21 |       |       ||    21
         Plate armour      |    26 |   138 |   120 ||   284
         Skin              |       |     3 |     8 ||    11
  Dodge: Dodged            |    45 |    36 |    29 ||   110

Table legend: (Time is in decaauts)
 A = Elapsed time spent in this place.
 B = Non-inter-level travel time spent in this place.
 C = Inter-level travel time spent in this place.
 D = Time resting spent in this place.
 E = Time spent auto-exploring this place.
 F = Levels seen in this place.
 G = Mean time per level.
                   A        B        C        D        E       F      G
               +--------+--------+--------+--------+--------+-----+--------+
         Total |   4068 |   3931 |    137 |    552 |   2436 |   6 |  678.0 |
       Dungeon |   4068 |   3931 |    137 |    552 |   2436 |   6 |  678.0 |
               +--------+--------+--------+--------+--------+-----+--------+

Top non-repeatable levels by time:
     D:5: 1378 daAuts
     D:3: 829 daAuts
     D:1: 632 daAuts
     D:4: 541 daAuts
     D:2: 485 daAuts
     D:6: 201 daAuts
